 Dungeon Crawl Stone Soup version 0.24-a0-335-g06ca16a (webtiles) character file.

Game seed: 15712015246558564575

44 mhoghedin the Poker (level 3, -2/29 HPs)
             Began as a Mummy Monk on May 18, 2019.
             Slain by an adder (3 damage)
             ... on level 2 of the Dungeon.
             The game lasted 00:00:56 (1336 turns).

mhoghedin the Poker (Mummy Monk)                    Turns: 1336, Time: 00:00:57

Health: -2/29      AC:  2    Str: 15    XL:     3   Next: 41%
Magic:  3/3        EV: 13    Int:  9    God:
Gold:   58         SH:  0    Dex: 14    Spells: 2/2 levels left

rFire    x . .     SeeInvis .   a - +0 spear
rCold    + . .     Gourm    .   (no shield)
rNeg     + + +     Faith    .   b - +0 robe
rPois    ∞         Spirit   .   (no helmet)
rElec    .         Reflect  .   (no cloak)
rCorr    .         Harm     .   (no gloves)
MR       .....                  (no boots)
Stlth    ++........             (no amulet)
HPRegen  0.09/turn              (no ring)
MPRegen  0.08/turn              (no ring)

@: no status effects
A: no food or potions, fire vulnerability, cold resistance 1, negative energy
resistance 3, torment resistance, unbreathing
a: no special abilities


You were on level 2 of the Dungeon.
You were not hungry.

You visited 1 branch of the dungeon, and saw 2 of its levels.

You collected 58 gold pieces.

Inventory:

Hand Weapons
 a - a +0 spear (weapon)
Missiles
 c - 5 poisoned darts (quivered)
Armour
 b - a +0 robe (worn)
Scrolls
 d - a scroll of remove curse {unknown}
 e - a scroll of immolation {unknown}


   Skills:
 - Level 3.0 Fighting
 + Level 3.7 Polearms
 - Level 2.4 Dodging
 - Level 1.5 Stealth


You had 2 spell levels left.
You didn't know any spells.
Your spell library was empty.

Dungeon Overview and Level Annotations

Branches:
Dungeon (2/15)

Altars:


Innate Abilities, Weirdness & Mutations

You do not eat or drink.
Your flesh is vulnerable to fire.
You are immune to poison.
Your flesh is cold resistant. (rC+)
You are immune to negative energy. (rN+++)
You are immune to unholy pain and torment.
You can survive without breathing.


Message History

No target in view!
A worm comes into view.
A worm is nearby!
A worm is nearby!
You hit the worm but do no damage. You hit the worm.
The worm barely misses you.
You hit the worm. The worm closely misses you.
You hit the worm. You puncture the worm! The worm bites you.
You take 1 damage, and have 28/29 hp.
You hit the worm but do no damage. You hit the worm but do no damage.
The worm bites you.
You take 4 damage, and have 24/29 hp.
You hit the worm. You barely miss the worm. The worm bites you.
You take 5 damage, and have 19/29 hp.
You hit the worm. You barely miss the worm. The worm bites you!
* * * LOW HITPOINT WARNING * * *
You are too injured to fight recklessly!
You are too injured to fight recklessly!
You take 11 damage, and have 8/29 hp.
MASSIVE DAMAGE!!
You hit the worm.
You kill the worm!
You start resting.
Health restored: 29
Found a stone staircase leading down.
An adder comes into view.
There is a stone staircase leading down here.
An adder is nearby!
A kobold comes into view.
The kobold shouts!
A frilled lizard and a hobgoblin come into view.
The adder hisses angrily.
Attack whom?
Aim: an adder You reach to attack!
You closely miss the adder.
The hobgoblin shouts!
You hit the adder. The adder bites you but does no damage. The adder bites you.
You hit the adder but do no damage. The adder closely misses you.
You take 3 damage, and have 26/29 hp.
You hit the adder. The adder bites you.
You hit the adder. The adder barely misses you.
An adder comes into view.
The kobold closely misses you.
The adder hisses angrily.
You hit the adder. The adder bites you. The kobold barely misses you.
You closely miss the adder. The adder barely misses you.
The kobold closely misses you. The frilled lizard closely misses you.
The adder bites you.
You take 6 damage, and have 20/29 hp.
MASSIVE DAMAGE!!
The hobgoblin hits you but does no damage.
The adder bites you.
You take 4 damage, and have 16/29 hp.
The adder bites you.
You take 3 damage, and have 13/29 hp.
The adder bites you.
You take 2 damage, and have 11/29 hp.
Attack whom?
Aim: an adder (almost dead)
You miss the adder. The adder barely misses you. x2
Attack whom?
Aim: an adder (almost dead)
You hit the adder.
You kill the adder!
The adder closely misses you.
Attack whom?
Aim: an adder You hit the adder.
The adder bites you.
You take 1 damage, and have 10/29 hp.
Attack whom?
Aim: an adder (lightly wounded)
You barely miss the adder. The adder completely misses you.
Attack whom?
Aim: an adder (lightly wounded)
You hit the adder but do no damage. The adder bites you but does no damage.
Attack whom?
Aim: an adder (lightly wounded)
You hit the adder. The adder barely misses you.
Attack whom?
Aim: an adder (lightly wounded)
You closely miss the adder. The adder bites you.
* * * LOW HITPOINT WARNING * * *
The adder barely misses you.
You take 5 damage, and have 5/29 hp.
Attack whom?
Aim: an adder (lightly wounded)
You hit the adder. The adder closely misses you.
Attack whom?
Aim: an adder (moderately wounded)
You closely miss the adder. The adder bites you.
* * * LOW HITPOINT WARNING * * *
You take 5 damage, and have 1/29 hp.
Unknown command.
Attack whom?
Aim: an adder (moderately wounded)
You hit the adder. The adder bites you.
You die...

####..#####.#.###.........
#..#####.#. #.....(...#
#........#.##.#......##
#.#####....##.#........ #.
##.###.......#.#.#. #.
#.## ##.....##.# S. #.#
#.Kg#>##.# . #.##
##l.#...# # ##@###.##.##.#
##SlK##### .# ##### .# .#
.# .#


You could see an adder, a kobold and a frilled lizard.

Vanquished Creatures
  2 adders (D:2)
  A worm (D:2)
  A dart slug (D:1)
  A leopard gecko (D:1)
  5 goblins (D:1)
  2 hobgoblins (D:1)
  A ball python (D:1)
  2 bats (D:1)
  2 frilled lizards
  3 kobolds
  2 rats (D:1)
22 creatures vanquished.

Notes
Turn   | Place    | Note
-------+----------+-------------------------------------------
     0 | D:1      | mhoghedin the Mummy Monk began the quest for the Orb.
     0 | D:1      | Reached XP level 1. HP: 18/18 MP: 1/1
   291 | D:1      | Reached skill level 3 in Polearms
   291 | D:1      | Reached XP level 2. HP: 13/24 MP: 2/2
  1034 | D:2      | Reached XP level 3. HP: 29/29 MP: 3/3
  1333 | D:2      | HP: 5/29 [adder (5)]
  1335 | D:2      | HP: 1/29 [adder (5)]
  1336 | D:2      | Slain by an adder

Levels and vault maps discovered:
D:1:      scummos_arrival_hexagon, layout_loops_corners
D:2:      layout_loops_cross, kennysheep_slug_shrine

Skill      XL: |  1 |
---------------+----+-----
Polearms       | 3 |  3.7
Fighting       | |  3.0
Dodging        | |  2.4
Stealth        | |  1.5

Action                   || total
-------------------------++-------
Melee: Spear             ||   100
 Stab: Sleeping          ||     5
Armor: Robe              ||    13
Dodge: Dodged            ||    42

Table legend:
 A = Non-vault XP
 B = Vault XP
 C = Vault XP percentage of total XP
 D = Non-vault monster count
 E = Vault monster count
 F = Vault count percentage of total count
                 A         B        C        D         E       F
            +---------+---------+-------+---------+---------+-------
      Total |      64 |       0 |   0.0 |      22 |       0 |   0.0
            +---------+---------+-------+---------+---------+-------
        D:1 |      31 |       0 |   0.0 |      17 |       0 |   0.0
        D:2 |      33 |       0 |   0.0 |       5 |       0 |   0.0
            +---------+---------+-------+---------+---------+-------

Levels and vault maps discovered:
D:1:      scummos_arrival_hexagon, layout_loops_corners
D:2:      layout_loops_cross, kennysheep_slug_shrine

Table legend:
 A = Turns spent in this place as a percentage of turns spent in the entire game.
 B = Non-inter-level travel turns spent in this place as a percentage of non-inter-level travel turns spent in the entire game.
 C = Inter-level travel turns spent in this place as a percentage of turns spent in this place.
 D = Turns resting spent in this place as a percentage of non-inter-level travel turns spent in this place.
 E = Turns spent auto-exploring this place as a percentage of non-inter-level travel turns spent in this place.
 F = Non-inter-level travel turns spent in this place divided by the number of levels of this place that you've seen.
                   A       B       C       D       E      F
               +-------+-------+-------+-------+-------+----------------------
         Total | 100.0 | 100.0 |   2.0 |  26.4 |  60.0 | 654.5
       Dungeon | 100.0 | 100.0 |   2.0 |  26.4 |  60.0 | 654.5
               +-------+-------+-------+-------+-------+----------------------

Table legend:
 A = Kills in this place as a percentage of kills in entire the game.
 B = Kills by you in this place as a percentage of kills by you in the entire game.
 C = Kills by friends in this place as a percentage of kills by friends in the entire game.
 D = Other kills in this place as a percentage of other kills in the entire game.
 E = Experience gained in this place as a percentage of experience gained in the entire game.
 F = Experience gained in this place divided by the number of levels of this place that you have seen.
                   A       B       C       D       E      F
               +-------+-------+-------+-------+-------+----------------------
         Total | 100.0 | 100.0 |   N/A |   N/A | 100.0 |  32.0
       Dungeon | 100.0 | 100.0 |   N/A |   N/A | 100.0 |  32.0
               +-------+-------+-------+-------+-------+----------------------
